 Dungeon Sprint DCSS version 0.30-a0-269-gf0224bf7b6 (webtiles) character file.

Game seed: 13272617471856942118

22 Low2 the Trooper (level 2, 0/36 HPs)
             Began as an Ogre Cinder Acolyte on Oct 14, 2022.
             Was an Initiate of Ignis.
             Succumbed to Ijyb's poison
             ... in the Dungeon (Sprint I: "Red Sonja").
             The game lasted 00:02:31 (23 turns).

Low2 the Trooper (Ogre Cinder Acolyte)                Turns: 23, Time: 00:02:32

Health: 0/36       AC: 10    Str: 17    XL:     2   Next: 91%
Magic:  3/3        EV:  9    Int: 15    God:    Ignis [......]
Gold:   0          SH:  0    Dex:  4    Spells: 3/3 levels left

rFire   + . .      SeeInvis .    a - -1 hand axe (flame)
rCold   . . .      Faith    .    (no shield)
rNeg    . . .      Spirit   .    b - +0 robe
rPois   .          Reflect  .    (helmet restricted)
rElec   .          Harm     .    (no cloak)
rCorr   .          Rampage  .    (gloves unavailable)
Will    .....      NoTele   +    (boots unavailable)
Stlth   +.........               (no amulet)
HPRegen 0.26/turn                (no ring)
MPRegen 0.08/turn                (no ring)

@: lethally poisoned (0 -> -4), fiery-armoured
A: large, unfitting armour, tough skin 1
a: Renounce Religion, Rising Flame


You were in the Dungeon.
You worshipped Ignis.
Ignis was noncommittal.
You visited 1 branch

Inventory:

Hand Weapons
 a - a -1 hand axe of flaming (weapon)
Armour
 b - a +0 robe (worn)
Scrolls
 h - a scroll of blinking
Potions
 e - a potion of haste
 f - 2 potions of magic
 g - a potion of berserk rage


   Skills:
 + Level 5.7 Fighting
 + Level 4.2 Axes
 + Level 0.4 Dodging
 + Level 1.3 Spellcasting
 + Level 3.9 Fire Magic


You had 3 spell levels left.
You didn't know any spells.
Your spell library contained the following spells:

 Spells                   Type           Power      Damage    Failure   Level
 Scorch                   Fire           24%        2d6       7%          2


Dungeon Overview and Level Annotations

Branches:
Dungeon (1/1)

Altars:


Innate Abilities, Weirdness & Mutations

You are too large for most types of armour.
You have tough skin. (AC +1)


Message History

The foxfire hits Ijyb but does no damage.
Ijyb is severely wounded.
The foxfire hits Ijyb.
Ijyb resists.
Ijyb is almost dead.
Ijyb hits you but does no damage.
You are more poisoned.
Ijyb resists.
Ijyb is burned by your cloak of flames.
Ijyb is almost dead.
You feel better.
Ijyb zaps a wand.
The roots erupt in riotous growth!
The grasping roots grab you!
Ijyb is unaffected.
The grasping roots constrict you.
* * * LOW HITPOINT WARNING * * *
Activating: Foxfire Swarm
Press: ? - help, Dir - look around, f - activate Flames leap up around you!
You can no longer armour yourself in flame.
You can no longer call a swarm of foxfires against your foes.
Ijyb hits you with a +1 dagger of venom.
* * * LOW HITPOINT WARNING * * *
You are lethally poisoned!
The grasping roots constrict you.
Unknown command.
Okay, then.
Unknown command.
The roots grasp on you weakens, but your attempt to escape fails.
* * * LOW HITPOINT WARNING * * *
You feel sick.
The foxfire hits Ijyb.
Ijyb resists.
You kill Ijyb!
Your Fighting skill increases to level 5!
Your Axes skill increases to level 4!
Your Fire Magic skill increases to level 3!
You have reached level 2!
There is a lethal amount of poison in your body!
Your magic is already full.
Your foxfire dissipates!
* * * LOW HITPOINT WARNING * * *
You feel sick.
Unknown command.
Your foxfire dissipates!
You die...

#######
#<.#v.+
#§.@§v#
#.v####
#.v#
#§§#
#..#
#⌠⌠#
####


There were no monsters in sight!

Vanquished Creatures
  Ijyb (D)
1 creature vanquished.

Vanquished Creatures (others)
  42 foxfires (D)
42 creatures vanquished.

Grand Total: 43 creatures vanquished

Notes
Turn   | Place    | Note
-------+----------+-------------------------------------------
     0 | D        | Low2 the Ogre Cinder Acolyte began the quest for the Orb.
     0 | D        | Reached XP level 1. HP: 24/24 MP: 2/2
     2 | D        | Noticed Ijyb
    21 | D        | HP: 1/24 [poisoned by Ijyb]
    21 | D        | Killed Ijyb
    22 | D        | Reached skill level 5 in Fighting
    22 | D        | Reached XP level 2. HP: 2/36 MP: 3/3
    23 | D        | Succumbed to Ijyb's poison

Illustrated notes

Levels and vault maps discovered:
D:        dungeon_sprint_1 [red_sonja_temple_1, red_sonja_temple_small_1]

Skill      XL: |  1 |
---------------+----+-----
Fighting       | 5 |  5.7
Axes           | 4 |  4.2
Fire Magic     | 3 |  3.9
Dodging        | |  0.4
Spellcasting   | |  1.3

Action                   || total
-------------------------++-------
Melee: Hand axe          ||     4
Invok: Foxfire Swarm     ||     6
       Fiery Armour      ||     4
  Use: Potion            ||     2
Armor: Robe              ||     7
Dodge: Dodged            ||     3

Table legend: (Time is in decaauts)
 A = Elapsed time spent in this place.
 B = Non-inter-level travel time spent in this place.
 C = Inter-level travel time spent in this place.
 D = Time resting spent in this place.
 E = Time spent auto-exploring this place.
 F = Levels seen in this place.
 G = Mean time per level.
                   A        B        C        D        E       F      G
               +--------+--------+--------+--------+--------+-----+--------+
         Total |     23 |     23 |      0 |      0 |      0 |   1 |   23.0 |
       Dungeon |     23 |     23 |      0 |      0 |      0 |   1 |   23.0 |
               +--------+--------+--------+--------+--------+-----+--------+

Top non-repeatable levels by time:
       D: 23 daAuts
